 Dungeon Crawl Stone Soup version 0.18.1-5-g4a78601 (webtiles) character file.

82 dracos369 the Poker (level 4, 0/33 HPs)
             Began as a Merfolk Skald on May 13, 2016.
             Was an Initiate of Makhleb.
             Succumbed to an adder's poison
             ... on level 1 of the Dungeon.
             The game lasted 00:04:24 (1707 turns).

dracos369 the Poker (Merfolk Skald)                 Turns: 1707, Time: 00:04:24

Health: 0/33       AC:  4    Str: 12    XL:     4   Next: 43%
Magic:  2/7        EV: 11    Int: 11    God:    Makhleb [......]
Gold:   128        SH:  0    Dex: 14    Spells: 3 memorised, 1 level left

rFire  . . .     SeeInvis .     a - +0 spear
rCold  . . .     Gourm    .     b - +0 leather armour
rNeg   . . .     Faith    .     (no shield)
rPois  .         Spirit   .     m - +0 helmet
rElec  .         Dismiss  .     (no cloak)
rCorr  .         Reflect  .     (no gloves)
SustAt .         Harm     .     (no boots)
MR     .....                    (no amulet)
Stlth  +.........               (no ring)
                                (no ring)

@: lethally poisoned (0 -> -4), not resistant to hostile enchantments, very
unstealthy
A: change form in water, swift swim
a: Renounce Religion


You were on level 1 of the Dungeon.
You worshipped Makhleb.
Makhleb was noncommittal.
You were not hungry.

You visited 1 branch of the dungeon, and saw 2 of its levels.

You collected 128 gold pieces.

Inventory:

Hand Weapons
 a - a +0 spear (weapon)
Armour
 b - a +0 leather armour (worn)
 m - a +0 helmet (worn)
Scrolls
 e - a scroll of fear {unknown}
 g - a scroll of immolation {unknown}
 j - a scroll of identify {unknown}
 k - a scroll of enchant armour {unknown}
 l - a scroll of remove curse {unknown}
Potions
 i - a potion of cancellation
Books
 c - a book of Battle

   Spells                             Type                      Level
   a - Infusion                       Charms                       1
   b - Shroud of Golubria             Charms/Translocation         2
   c - Song of Slaying                Charms                       2
   d - Spectral Weapon                Hexes/Charms                 3
   e - Regeneration                   Charms/Necromancy            3
Comestibles
 d - 3 bread rations
 f - 3 chunks of flesh
 h - 3 meat rations


   Skills:
 - Level 2.1 Fighting
 * Level 5.9 Polearms
 - Level 0.6 Armour
 - Level 1.3 Dodging
 - Level 2.0 Spellcasting
 + Level 1.0 Hexes
 + Level 3.7 Charms
 + Level 0.0 Invocations


You had one spell level left.
You knew the following spells:

 Your Spells              Type           Power        Failure   Level  Hunger
a - Infusion              Chrm           #...         10%         1    ##.....
c - Spectral Weapon       Hex/Chrm       #.......     50%         3    ####...
g - Shroud of Golubria    Chrm/Tloc      #.........   30%         2    ###....


Dungeon Overview and Level Annotations

Branches:
Dungeon (2/15)

Altars:
Makhleb
Zin


Message History

You feel sick.
You are no longer poisoned.
The adder bites you.
* * * LOW HITPOINT WARNING * * *
You are lethally poisoned!
The adder poisons you!
Drink which item? (? for menu, Esc to quit)
It was a potion of cancellation.
Your magical effects are unravelling.
You feel magically purged.
You are no longer magically infusing your attacks.
* * * LOW HITPOINT WARNING * * *
You feel sick. The adder bites you but does no damage.
You hit the adder but do no damage.
The adder is almost dead.
The adder misses you.
You hit the adder.
You kill the adder!
Makhleb accepts your kill.
You die...

#)#.# #.#..)..#....'....'
#.#.# #.#......#####....#
#.#.# #.>................
#.#.# #........#########.
##.#.# #........# #.
#..#.####..#.###.### #.
#.##....#..#.......#######.
#.#####.#...w..............
#.# #.#.@#.....#.#######.
#.# #.#..#.......#.......
#.# #.#..##########.#####
#.#####.#..................
#..........##########.#####
########...# #.# ####...#
##.##### #.....## #.(.....
#.##### #.......


You could see a worm.

Vanquished Creatures
  4 adders
  An ooze (D:1)
  A worm (D:2)
  A dart slug (D:1)
  6 bats
  2 giant cockroaches
  2 hobgoblins
  4 jackals (D:1)
  A quokka (D:1)
  A ball python (D:1)
  A giant newt (D:1)
  4 goblins (D:1)
  4 kobolds
  6 rats
38 creatures vanquished.

Notes
Turn   | Place    | Note
--------------------------------------------------------------
     0 | D:1      | dracos369 the Merfolk Skald began the quest for the Orb.
     0 | D:1      | Reached XP level 1. HP: 16/16 MP: 3/3
   402 | D:1      | Reached skill level 4 in Polearms
   402 | D:1      | Reached XP level 2. HP: 20/22 MP: 5/5
   782 | D:1      | Learned a level 2 spell: Shroud of Golubria
   913 | D:1      | Reached XP level 3. HP: 27/27 MP: 6/6
   921 | D:1      | Learned a level 3 spell: Spectral Weapon
   929 | D:1      | Reached skill level 5 in Polearms
  1425 | D:2      | Found a burning altar of Makhleb.
  1426 | D:2      | Reached XP level 4. HP: 33/33 MP: 7/7
  1448 | D:2      | Became a worshipper of Makhleb the Destroyer
  1511 | D:2      | Found a glowing silver altar of Zin.
  1578 | D:2      | Reached skill level 1 in Hexes
  1705 | D:1      | HP: 1/33 [poisoned by an adder]
  1707 | D:1      | Succumbed to an adder's poison

Skill      XL: |  1  2  3  4 |
---------------+-------------+-----
Polearms       | 4 5 |  5.9
Hexes          | 1 |  1.0
Fighting       | |  2.1
Armour         | |  0.6
Dodging        | |  1.3
Spellcasting   | |  2.0
Charms         | |  3.7

Action                   |  1- 3 |  4- 6 || total
-------------------------+-------+-------++-------
Melee: Spear             |   141 |    48 ||   189
 Cast: Infusion          |     5 |     2 ||     7
       Shroud of Golubri |       |     1 ||     1
  Use: Potion            |       |     1 ||     1
  Eat: Chunk             |     2 |     1 ||     3
Armor: Leather armour    |    37 |    12 ||    49
Dodge: Dodged            |    71 |    23 ||    94
